 Dungeon Crawl Stone Soup version 0.31.0-9-g3a7656b989 (webtiles) character file.

Game seed: 4480902750031293091

35 Amaterasu the Ruffian (level 3, 0/31 HPs)
             Began as a Naga Shapeshifter on Jan 24, 2024.
             Slain by a jackal (1 damage)
             ... on level 2 of the Dungeon.
             The game lasted 00:01:17 (566 turns).

Amaterasu the Ruffian (Naga Shapeshifter)            Turns: 566, Time: 00:01:18

Health: 0/31       AC:  3    Str: 18    XL:     3   Next: 33%
Magic:  3/3        EV:  9    Int: 10    God:
Gold:   17         SH:  0    Dex: 10    Spells: 2/2 levels left

rFire   . .          .
                       - Unarmed
rCold   . . .        (no shield)
rNeg    . . .        a - +1 animal skin
rPois   +            (helmet currently unavailable)
rElec   .            (cloak currently unavailable)
rCorr   .            (gloves currently unavailable)
SInv    +            (no barding)
Will    .....        (no amulet)
Stlth   +            (no ring)
HPRegen 0.25/turn    (no ring)
MPRegen 0.08/turn

%: no passive effects
@: beast-form, very slow
A: beast (slay +1), AC +1, large, see invisible, deformed body, poison
resistance, slowness 2, spit poison 1, naga tail 1
a: Spit Poison, Begin Untransformation


You were on level 2 of the Dungeon.
You were a hulking beast.
You visited 1 branch of the dungeon, and saw 2 of its levels.

You collected 17 gold pieces.

Inventory:

Armour
 a - a +1 animal skin (worn)
Jewellery
 g - an amulet of guardian spirit
 h - a ring of positive energy
Talismans
 c - a beast talisman (active)
 d - a flux talisman
Potions
 b - a potion of lignification
 i - a potion of curing {unknown}
 j - a potion of haste {unknown}


   Skills:
 * Level 1.3 Fighting
 * Level 1.6 Dodging
 * Level 3.8 Unarmed Combat
 * Level 3.3 Shapeshifting


You had 2 spell levels left.
You didn't know any spells.
Your spell library was empty.

Dungeon Overview and Level Annotations

Branches:
Dungeon (2/15)

Altars:


Innate Abilities, Weirdness & Mutations

You are a hulking beast.
Your limbs bulge with bestial killing power. (Slay +1)
Your serpentine skin is tough. (AC +1)
You have supernaturally acute eyesight. (SInv)
Armour fits poorly on your strangely shaped body.
Your system is resistant to poisons. (rPois)
You cover ground very slowly.
You can spit poison.
You have a snake-like lower body.


Message History

The jackal completely misses you.
You punch the jackal!
You kill the jackal!
The jackal misses you. The jackal completely misses you.
You hit the dart slug.
The dart slug is moderately wounded.
The jackal bites you but does no damage.
The dart slug completely misses you.
You punch the dart slug!
You kill the dart slug!
The jackal bites you but does no damage.
You barely miss the hobgoblin.
The jackal bites you but does no damage.
The hobgoblin hits you but does no damage.
You hit the hobgoblin.
The hobgoblin is lightly wounded.
The jackal bites you but does no damage.
The hobgoblin hits you but does no damage.
The jackal completely misses you.
You hit the hobgoblin but do no damage.
The hobgoblin is lightly wounded.
The jackal completely misses you. The hobgoblin barely misses you.
You punch the hobgoblin!
You kill the hobgoblin!
The jackal bites you but does no damage.
You hit the kobold.
The kobold is severely wounded.
The jackal bites you.
* * * LOW HITPOINT WARNING * * *
The kobold hits you with a +0 dagger.
* * * LOW HITPOINT WARNING * * *
The jackal bites you.
* * * LOW HITPOINT WARNING * * *
You hit the kobold but do no damage.
The kobold is severely wounded.
The jackal barely misses you. The kobold completely misses you.
You hit the kobold.
You kill the kobold!
The jackal bites you.
You die...

..# # ..# .# #.##.
#... . #..# # .)
#..# .##..#
###.<##....#
###hg..#...##
#.h)##......#
.......####.......>.
....### #..........
##. #...........
#...........
............
#.#..........
#............


You could see a jackal and a hobgoblin.

Vanquished Creatures
  A gnoll (D:1)
  A dart slug (D:2)
  2 endoplasms (D:1)
  A giant cockroach (D:1)
  4 goblins (D:1)
  2 hobgoblins
  5 jackals
  A kobold (D:2)
  2 bats (D:1)
  2 rats (D:1)
21 creatures vanquished.

Notes
Turn   | Place    | Note
-------+----------+-------------------------------------------
     0 | D:1      | Amaterasu the Naga Shapeshifter began the quest for the
                  | Orb.
     0 | D:1      | Reached XP level 1. HP: 18/18 MP: 1/1
   154 | D:1      | Reached XP level 2. HP: 19/25 MP: 2/2
   448 | D:1      | Reached XP level 3. HP: 25/31 MP: 3/3
   564 | D:2      | HP: 1/31 [jackal (1)]
   566 | D:2      | Slain by a jackal

Illustrated notes

Levels and vault maps discovered:
D:1:      roderic_crossed_star, layout_rooms
D:2:      layout_rooms, hellmonk_ecumenical_altar_arch_garden,
          minmay_misc_feat_ornament, minmay_strange_pillars,
          cheibrodos_gnoll_hut, uniq_natasha, uniq_crazy_yiuf_cottage

Action                     || total
---------------------------++-------
  Melee: Unarmed           ||    62
    Use: Scroll            ||     2
 Armour: Animal skin       ||    59
  Dodge: Dodged            ||    48
   Form: Beast             ||     1
